| TOP OF THE 1ST |
|
Roswell Invaders batting - Pitching for Joplin Blasters : RHP Jay Foster
|
|
Pitching: RHP Jay Foster
|
|
|
Batting: RHB Ray Bieber
|
0-0: Called Strike 0-1: Foul Ball, location: 2F 0-2: Ball 1-2: Ball 2-2: Foul Ball, location: 2F 2-2: SOLO HOME RUN (Flyball, 89XD, EV 101.9 MPH), Distance : 427 ft
|
|
Batting: RHB Jason Hanson
|
0-0: Ball 1-0: SINGLE (Flyball, 9S, EV 86.9 MPH)
|
|
Batting: LHB Ivan Cortez
|
0-0: Ball 1-0: Swinging Strike 1-1: Fly out, F2 (Popup, 15S, EV 90.0 MPH)
|
|
Batting: RHB Hidemitsu Matsuno
|
0-0: Ball 1-0: Foul Ball, location: 2F 1-1: Fly out, F8 (Line Drive, 78M, EV 94.4 MPH) Lined into DP, 8-3 (Line Drive, 78M, EV 94.4 MPH)
|
| Top of the 1st over - 1 run, 2 hits, 0 errors, 0 left on base; Roswell 1 - Joplin 0 |
| BOTTOM OF THE 1ST |
|
Joplin Blasters batting - Pitching for Roswell Invaders : LHP John van Asten
|
|
Pitching: LHP John van Asten
|
|
|
Batting: RHB Angel Melendez
|
0-0: Ball 1-0: Ball 2-0: Swinging Strike 2-1: Foul Ball, location: 2F 2-2: Strikes out swinging
|
|
Batting: RHB Kevin Lea
|
0-0: Swinging Strike 0-1: Ball 1-1: Ball 2-1: Foul Ball, location: 2F 2-2: Ground out 6-3 (Groundball, 6, EV 90.0 MPH)
|
|
Batting: RHB Tanner Holland
|
0-0: Ball 1-0: Ball 2-0: Ball 3-0: Base on Balls
|
|
Batting: LHB Efrem Isaev
|
0-0: Ball 1-0: Ball 2-0: Foul Ball, location: 2F 2-1: Swinging Strike 2-2: Foul Ball, location: 2F 2-2: Foul Ball, location: 2F 2-2: Ball 3-2: Foul Ball, location: 2F 3-2: Fly out, F8 (Flyball, 8LM, EV 97.5 MPH)
|
| Bottom of the 1st over - 0 runs, 0 hits, 0 errors, 1 left on base; Roswell 1 - Joplin 0 |
| TOP OF THE 2ND |
|
Roswell Invaders batting - Pitching for Joplin Blasters : RHP Jay Foster
|
|
Batting: LHB Andrew Moore
|
0-0: Ball 1-0: Ground out 6-3 (Groundball, 6, EV 94.4 MPH)
|
|
Batting: RHB Benjie Alejandro
|
0-0: Fly out, F8 (Flyball, 8RD, EV 83.1 MPH)
|
|
Batting: RHB Matt Satterfield
|
0-0: SINGLE (Groundball, 56D, EV 98.1 MPH)
|
|
Batting: LHB Matt Tanner
|
0-0: Called Strike 0-1: Ball 1-1: Foul Ball, location: 2F 1-2: Strikes out swinging
|
| Top of the 2nd over - 0 runs, 1 hit, 0 errors, 1 left on base; Roswell 1 - Joplin 0 |
| BOTTOM OF THE 2ND |
|
Joplin Blasters batting - Pitching for Roswell Invaders : LHP John van Asten
|
|
Batting: RHB Steve Huebner
|
0-0: Swinging Strike 0-1: Ball 1-1: Foul Ball, location: 2F 1-2: Strikes out swinging
|
|
Batting: LHB Willie Marquez
|
0-0: SOLO HOME RUN (Line Drive, 9D, EV 99.4 MPH), Distance : 409 ft
|
|
Batting: RHB Nate Brewer
|
0-0: Called Strike 0-1: Foul Ball, location: 2F 0-2: Ball 1-2: Ball 2-2: Fly out, F9 (Line Drive, 89M, EV 96.9 MPH)
|
|
Batting: LHB Josh Lane
|
0-0: Ball 1-0: Ball 2-0: Fly out, F5 (Popup, 5, EV 75.6 MPH)
|
| Bottom of the 2nd over - 1 run, 1 hit, 0 errors, 0 left on base; Roswell 1 - Joplin 1 |
| TOP OF THE 3RD |
|
Roswell Invaders batting - Pitching for Joplin Blasters : RHP Jay Foster
|
|
Batting: SHB Sandy Burke
|
0-0: Fly out, F8 (Flyball, 8RD, EV 91.2 MPH)
|
|
Batting: RHB Ray Bieber
|
0-0: Swinging Strike 0-1: Foul Ball, location: 2F 0-2: Strikes out swinging
|
|
Batting: RHB Jason Hanson
|
0-0: Ball 1-0: Ball 2-0: Ball 3-0: Called Strike 3-1: Foul Ball, location: 2F 3-2: Base on Balls
|
|
Batting: LHB Ivan Cortez
|
0-0: Ball 1-0: Ball 2-0: Ball 3-0: Called Strike 3-1: Swinging Strike 3-2: Strikes out looking
|
| Top of the 3rd over - 0 runs, 0 hits, 0 errors, 1 left on base; Roswell 1 - Joplin 1 |
| BOTTOM OF THE 3RD |
|
Joplin Blasters batting - Pitching for Roswell Invaders : LHP John van Asten
|
|
Batting: RHB Bobby Leon
|
0-0: Fly out, F8 (Flyball, 8RD, EV 80.0 MPH)
|
|
Batting: RHB Angel Melendez
|
0-0: Ball 1-0: Ball 2-0: Ball 3-0: Called Strike 3-1: SINGLE (Groundball, 4M, EV 109.4 MPH)
|
|
Batting: RHB Kevin Lea
|
0-0: Ball 1-0: Fly out, F8 (Line Drive, 8LM, EV 103.8 MPH)
|
|
Batting: RHB Tanner Holland
|
0-0: Called Strike 0-1: Called Strike 0-2: Strikes out swinging
|
| Bottom of the 3rd over - 0 runs, 1 hit, 0 errors, 1 left on base; Roswell 1 - Joplin 1 |
| TOP OF THE 4TH |
|
Roswell Invaders batting - Pitching for Joplin Blasters : RHP Jay Foster
|
|
Batting: RHB Hidemitsu Matsuno
|
0-0: Called Strike 0-1: Swinging Strike 0-2: SOLO HOME RUN (Flyball, 89XD, EV 107.5 MPH), Distance : 425 ft
|
|
Batting: LHB Andrew Moore
|
0-0: Swinging Strike 0-1: Called Strike 0-2: Fly out, F6 (Line Drive, 6, EV 68.8 MPH)
|
|
Batting: RHB Benjie Alejandro
|
0-0: Ball 1-0: Ground out 3-1 (Groundball, 34, EV 101.2 MPH)
|
|
Batting: RHB Matt Satterfield
|
0-0: Called Strike 0-1: Ball 1-1: Ball 2-1: Fly out, F7 (Line Drive, 78M, EV 93.8 MPH)
|
| Top of the 4th over - 1 run, 1 hit, 0 errors, 0 left on base; Roswell 2 - Joplin 1 |
| BOTTOM OF THE 4TH |
|
Joplin Blasters batting - Pitching for Roswell Invaders : LHP John van Asten
|
|
Batting: LHB Efrem Isaev
|
0-0: Ball 1-0: Ball 2-0: Ball 3-0: Called Strike 3-1: Base on Balls
|
|
Batting: RHB Steve Huebner
|
0-0: Swinging Strike 0-1: Foul Ball, location: 2F 0-2: Ball 1-2: SINGLE (Line Drive, 78S, EV 109.4 MPH) Efrem Isaev to second Efrem Isaev to third
|
|
Batting: LHB Willie Marquez
|
0-0: Ball 1-0: Ground out 6-3 (Groundball, 6D, EV 105.0 MPH) Efrem Isaev scores Steve Huebner to second
|
|
Batting: RHB Nate Brewer
|
0-0: Swinging Strike 0-1: Fly out, F4 (Popup, 4, EV 71.2 MPH)
|
|
Batting: LHB Josh Lane
|
0-0: Ball 1-0: Ground out 4-3 (Groundball, 4, EV 103.1 MPH)
|
| Bottom of the 4th over - 1 run, 1 hit, 0 errors, 1 left on base; Roswell 2 - Joplin 2 |
| TOP OF THE 5TH |
|
Roswell Invaders batting - Pitching for Joplin Blasters : RHP Jay Foster
|
|
Batting: LHB Matt Tanner
|
0-0: Swinging Strike 0-1: Called Strike 0-2: Ball 1-2: Ball 2-2: Ball 3-2: Foul Ball, location: 2F 3-2: Strikes out looking
|
|
Batting: SHB Sandy Burke
|
0-0: Fly out, F9 (Flyball, 9D, EV 98.1 MPH)
|
|
Batting: RHB Ray Bieber
|
0-0: Ball 1-0: Ground out 6-3 (Groundball, 6, EV 86.2 MPH)
|
| Top of the 5th over - 0 runs, 0 hits, 0 errors, 0 left on base; Roswell 2 - Joplin 2 |
| BOTTOM OF THE 5TH |
|
Joplin Blasters batting - Pitching for Roswell Invaders : LHP John van Asten
|
|
Pitching: RHP Eddie Georges
|
|
|
Batting: RHB Bobby Leon
|
0-0: Hit by Pitch
|
|
Batting: RHB Angel Melendez
|
0-0: SINGLE (Line Drive, 7LS, EV 107.5 MPH) Bobby Leon to second
|
|
Batting: RHB Kevin Lea
|
0-0: Ball 1-0: Called Strike 1-1: Fly out, F7 (Flyball, 7, EV 97.5 MPH)
|
|
Pinch Hitting: RHB Joe Gabriel
|
0-0: Foul Ball, location: 2F 0-1: Ball 1-1: Ball 2-1: Foul Ball, location: 2F 2-2: Strikes out swinging
|
|
Batting: LHB Efrem Isaev
|
0-0: Foul Ball, location: 2F 0-1: Ball 1-1: Ball 2-1: Foul Ball, location: 2F 2-2: Ball 3-2: Foul Ball, location: 2F 3-2: SINGLE (Groundball, 34D, EV 98.8 MPH) Bobby Leon to third Angel Melendez to second Bobby Leon scores Angel Melendez to third
|
|
Batting: RHB Steve Huebner
|
0-0: Called Strike 0-1: Ground out 4-3 (Groundball, 4, EV 83.1 MPH)
|
| Bottom of the 5th over - 1 run, 2 hits, 0 errors, 2 left on base; Roswell 2 - Joplin 3 |
| TOP OF THE 6TH |
|
Roswell Invaders batting - Pitching for Joplin Blasters : RHP Jay Foster
|
|
Now at 1B: Robert Carlos
|
|
|
Batting: RHB Jason Hanson
|
0-0: Ground out U3 (Groundball, 34, EV 87.5 MPH)
|
|
Batting: LHB Ivan Cortez
|
0-0: Foul Ball, location: 2F 0-1: Ground out 6-3 (Groundball, 6, EV 86.2 MPH)
|
|
Batting: RHB Hidemitsu Matsuno
|
0-0: Ball 1-0: SINGLE (Line Drive, 34, EV 106.2 MPH)
|
|
Batting: LHB Andrew Moore
|
0-0: Ball 1-0: Fielders Choice at 2nd, U6 (Groundball, 6M, EV 89.4 MPH)
|
| Top of the 6th over - 0 runs, 1 hit, 0 errors, 1 left on base; Roswell 2 - Joplin 3 |
| BOTTOM OF THE 6TH |
|
Joplin Blasters batting - Pitching for Roswell Invaders : RHP Eddie Georges
|
|
Batting: LHB Willie Marquez
|
0-0: Called Strike 0-1: Ground out 4-3 (Groundball, 4, EV 98.8 MPH)
|
|
Batting: RHB Nate Brewer
|
0-0: Swinging Strike 0-1: Swinging Strike 0-2: Foul Ball, location: 2F 0-2: Strikes out swinging
|
|
Batting: LHB Josh Lane
|
0-0: Ball 1-0: SINGLE (Flyball, 8LS, EV 85.0 MPH)
|
|
Batting: RHB Bobby Leon
|
0-0: Ball 1-0: Called Strike Josh Lane is caught stealing 2nd base 2-4
|
| Bottom of the 6th over - 0 runs, 1 hit, 0 errors, 0 left on base; Roswell 2 - Joplin 3 |
| TOP OF THE 7TH |
|
Roswell Invaders batting - Pitching for Joplin Blasters : RHP Jay Foster
|
|
Batting: RHB Benjie Alejandro
|
0-0: SINGLE (Groundball, 56, EV 107.5 MPH) (infield hit)
|
|
Pinch Hitting: LHB Julio Zamora
|
0-0: Swinging Strike 0-1: Called Strike 0-2: Strikes out swinging
|
|
Pinch Hitting: RHB Danny Valentin
|
0-0: Swinging Strike 0-1: Ball 1-1: Foul Ball, location: 2F 1-2: Ball 2-2: Foul Ball, location: 2F 2-2: Strikes out swinging
|
|
Pinch Hitting: LHB Nick Walker
|
0-0: Ball 1-0: Called Strike 1-1: Fly out, F7 (Flyball, 78D, EV 97.5 MPH)
|
| Top of the 7th over - 0 runs, 1 hit, 0 errors, 1 left on base; Roswell 2 - Joplin 3 |
| BOTTOM OF THE 7TH |
|
Joplin Blasters batting - Pitching for Roswell Invaders : RHP Eddie Georges
|
|
Now at 3B: T.J. House
|
|
|
Now in LF: Nick Walker
|
|
|
Now in RF: Julio Zamora
|
|
|
Pinch Hitting: RHB Colin Padgett
|
0-0: Ball 1-0: Ball 2-0: Foul Ball, location: 2F 2-1: Called Strike 2-2: Ball 3-2: Fly out, F7 (Flyball, 78M, EV 88.1 MPH)
|
|
Batting: RHB Angel Melendez
|
0-0: SOLO HOME RUN (Flyball, 7LD, EV 95.6 MPH), Distance : 358 ft
|
|
Batting: RHB Josh Massey
|
0-0: Ball 1-0: SINGLE (Groundball, 6, EV 94.4 MPH)
|
|
Pitching: RHP Mamadou Morand
|
|
|
Batting: RHB Robert Carlos
|
0-0: Called Strike 0-1: Ball 1-1: Foul Ball, location: 2F 1-2: Strikes out swinging
|
|
Batting: LHB Efrem Isaev
|
0-0: Ball 1-0: Ball 2-0: Called Strike 2-1: Called Strike 2-2: Strikes out swinging
|
| Bottom of the 7th over - 1 run, 2 hits, 0 errors, 1 left on base; Roswell 2 - Joplin 4 |
| TOP OF THE 8TH |
|
Roswell Invaders batting - Pitching for Joplin Blasters : RHP Jay Foster
|
|
Now at SS: Milanni Isaaka
|
|
|
Batting: RHB Ray Bieber
|
0-0: Ball 1-0: Ball 2-0: Ball 3-0: Base on Balls
|
|
Batting: RHB Jason Hanson
|
0-0: Swinging Strike 0-1: Called Strike 0-2: Ball 1-2: Fly out, F9 (Line Drive, 9, EV 90.0 MPH)
|
|
Batting: LHB Ivan Cortez
|
0-0: Called Strike 0-1: Called Strike 0-2: Ball 1-2: Ball 2-2: Foul Ball, location: 2F 2-2: Foul Ball, location: 2F 2-2: Fly out, F7 (Flyball, 7D, EV 103.1 MPH)
|
|
Batting: RHB Hidemitsu Matsuno
|
0-0: SINGLE (Flyball, 4D, EV 86.9 MPH) Ray Bieber to second Runner from 2nd tries for 3rd, SAFE, throw by CF made to third
|
|
Batting: LHB Andrew Moore
|
0-0: Ball 1-0: Foul Ball, location: 2F 1-1: Ground out U3 (Groundball, 3L, EV 83.8 MPH)
|
| Top of the 8th over - 0 runs, 1 hit, 0 errors, 2 left on base; Roswell 2 - Joplin 4 |
| BOTTOM OF THE 8TH |
|
Joplin Blasters batting - Pitching for Roswell Invaders : RHP Mamadou Morand
|
|
Batting: RHB Steve Huebner
|
0-0: Swinging Strike 0-1: Foul Ball, location: 2F 0-2: Strikes out swinging
|
|
Batting: LHB Willie Marquez
|
0-0: Ball 1-0: Swinging Strike 1-1: Foul Ball, location: 2F 1-2: Ball 2-2: Foul Ball, location: 2F 2-2: Foul Ball, location: 2F 2-2: Foul Ball, location: 2F 2-2: Strikes out swinging, 2-3 out at first.
|
|
Batting: RHB Nate Brewer
|
0-0: SINGLE (Groundball, 34D, EV 102.5 MPH)
|
|
Batting: LHB Josh Lane
|
0-0: Reached on error, E4 (Groundball, 4M, EV 89.4 MPH) Nate Brewer to second
|
|
Batting: RHB Milanni Isaaka
|
0-0: SINGLE (Groundball, 6MD, EV 99.4 MPH) (infield hit) Nate Brewer to third Josh Lane to second
|
|
Batting: RHB Angel Melendez
|
0-0: Called Strike 0-1: Ground out 6-3 (Groundball, 56, EV 106.9 MPH)
|
| Bottom of the 8th over - 0 runs, 2 hits, 1 error, 3 left on base; Roswell 2 - Joplin 4 |
| TOP OF THE 9TH |
|
Roswell Invaders batting - Pitching for Joplin Blasters : RHP Jay Foster
|
|
Pitching: RHP David Bialas
|
|
|
Batting: RHB Benjie Alejandro
|
0-0: Called Strike 0-1: Swinging Strike 0-2: Ball 1-2: Ball 2-2: SINGLE (Flyball, 8RS, EV 91.9 MPH)
|
|
Batting: LHB Julio Zamora
|
0-0: Foul Ball, location: 2F 0-1: Ball 1-1: Foul Ball, location: 2F 1-2: Foul Ball, location: 2F 1-2: Strikes out swinging
|
|
Pinch Hitting: LHB Marshall Rives
|
0-0: Ball 1-0: Called Strike 1-1: Ball 2-1: Grounds out, U3 (Groundball, 3L, EV 82.5 MPH)
|
|
Batting: LHB Nick Walker
|
0-0: Ball 1-0: SINGLE (Line Drive, 7LS, EV 100.0 MPH) Benjie Alejandro to third
|
|
Batting: RHB Ray Bieber
|
0-0: Foul Ball, location: 2F 0-1: Fly out, F8 (Flyball, 8LS, EV 73.1 MPH)
|
| Top of the 9th over - 0 runs, 2 hits, 0 errors, 2 left on base; Roswell 2 - Joplin 4 |
|